 Dungeon Crawl Stone Soup version 0.29.1 (webtiles) character file.

Game seed: 15773805852835616048

420 sleeves the Ruffian (level 6, -1/51 HPs)
             Began as a Ghoul Fighter on Sept 14, 2022.
             Was a Follower of Makhleb.
             Slain by a gnoll
             ... wielding a +0 spear
             ... led by a gnoll bouda
              (3 damage)
             ... on level 4 of the Dungeon.
             The game lasted 00:04:27 (3061 turns).

sleeves the Ruffian (Ghoul Fighter)                 Turns: 3061, Time: 00:04:28

Health: -1/51      AC:  6    Str: 22    XL:     6   Next: 94%
Magic:  5/5        EV:  9    Int:  9    God:    Makhleb [*.....]
Gold:   155        SH:  4    Dex:  8    Spells: 5/5 levels left

rFire   . . .      SeeInvis .     - Unarmed
rCold   + . .      Faith    .   b - +0 buckler
rNeg    + + +      Spirit   .   a - +0 scale mail
rPois   ∞          Reflect  .   (no helmet)
rElec   .          Harm     .   (no cloak)
rCorr   .          Rampage  .   (no gloves)
Will    .....                   (no boots)
Stlth   ..........              (no amulet)
HPRegen 0.00/turn               g - +6 ring of intelligence
MPRegen 0.09/turn               (no ring)

@: inhibited regen
A: claws 1, cold resistance 1, negative energy resistance 3, inhibited
regeneration, torment resistance 2, devour on kill
a: Renounce Religion


You were on level 4 of the Dungeon.
You worshipped Makhleb.
Makhleb was aware of your devotion.
You visited 1 branch of the dungeon, and saw 4 of its levels.

You collected 155 gold pieces.

Inventory:

Armour
 a - a +0 scale mail (worn)
 b - a +0 buckler (worn)
 l - a +0 pair of gloves
   (You found it on level 2 of the Dungeon)
Jewellery
 g - a +6 ring of intelligence (left claw)
   (You found it on level 1 of the Dungeon)
Wands
 q - a wand of mindburst (17)
   (You found it on level 3 of the Dungeon)
Scrolls
 d - 5 scrolls of identify {unknown}
 h - 2 scrolls of magic mapping {unknown}
 i - a scroll of blinking {unknown}
 j - 3 scrolls of noise {unknown}
 n - 5 scrolls of teleportation {unknown}
Potions
 c - 2 potions of might
 e - a potion of brilliance
 f - 3 potions of degeneration {unknown}
 k - a potion of berserk rage {unknown}
 m - a potion of ambrosia {unknown}
 o - a potion of magic {unknown}
 p - a potion of mutation {unknown}
 r - 2 potions of curing {unknown}
 s - a potion of invisibility {unknown}


   Skills:
 - Level 3.2 Fighting
 - Level 2.6 Armour
 + Level 3.5 Shields
 + Level 7.3 Unarmed Combat


You had 5 spell levels left.
You didn't know any spells.
Your spell library contained the following spells:

 Spells                   Type           Power      Damage    Failure   Level
 Foxfire                  Conj/Fire      0%         2x1d4     80%         1
 Conjure Flame            Conj/Fire      0%         6-21      99%         3
 Inner Flame              Hex/Fire       0%         N/A       99%         3
 Flame Wave               Conj/Fire      0%         2d4       100%        4


Dungeon Overview and Level Annotations

Branches:
Dungeon (4/15)
 Temple: D:4-7

Altars:
Ashenzari
Fedhas
Kikubaaqudgha
Makhleb
Nemelex Xobeh
Okawaru
Sif Muna
Trog
Xom

Annotations:
D:3 2 transporters, bchevrier's ghost, novice GnWn


Innate Abilities, Weirdness & Mutations

You are immune to poison.
You have sharp fingernails.
Your flesh is cold resistant. (rC+)
You are immune to negative energy. (rN+++)
You do not regenerate when monsters are visible.
You are immune to unholy pain and torment.
You thrive by killing the living.


Message History

No target in view!
No target in view!
You see here a ball python corpse.
You now have 94 gold pieces (gained 10).
c - 2 potions of might (gained 1)
o - a white potion
j - 2 scrolls labelled ENIUCA COLIHIA (gained 1)
Found 7 stones.
A ball python comes into view.
Found 6 stones.
The ball python hisses angrily.
The ball python bites you but does no damage.
The ball python grabs you. The ball python constricts you.
You scratch the ball python.
You kill the ball python!
No target in view!
No target in view!
No target in view!
No target in view!
No target in view!
No target in view!
No target in view!
An orc comes into view. It is wielding a +0 club.
Found an iron altar of Okawaru.
The orc shouts!
A hobgoblin comes into view.
There are monsters nearby!
There are monsters nearby!
Found a burning altar of Makhleb.
The orc hits you but does no damage.
You claw the orc!
You kill the orc!
The hobgoblin misses you.
You scratch the hobgoblin.
The hobgoblin is almost dead.
The hobgoblin hits you.
You scratch the hobgoblin but do no damage.
The hobgoblin is almost dead.
The hobgoblin hits you but does no damage.
You claw the hobgoblin!
You kill the hobgoblin!
No target in view!
No target in view!
No target in view!
No target in view!
No target in view!
No target in view!
No target in view!
There is a burning altar of Makhleb here.
You kneel at the altar of Makhleb.
Makhleb welcomes you!
Unknown command.
Press < or > to pray at altars.
HP restored.
You see here an orb of wrath.
p - a smoky inky potion You see here 6 stones.
You see here a +0 club.
Found a transporter.
No target in view!
Search for what [? for help]? orb
Press: ? - help, . - travel You can't see that place. [some deep water.] Unknown command.
Unknown command.
Unknown command.
Unknown command.
Unknown command.
Unknown command.
Unknown command.
Unknown command.
Unknown command.
Search for what [Enter for "orb", or ? for help]? wrat Unknown command.
Found 13 gold pieces.
Found a transporter.
The ogre shouts!
Found 3 poisoned darts.
A hobgoblin comes into view.
A hobgoblin is nearby!
Found an escape hatch in the floor.
You scratch the hobgoblin.
The hobgoblin is lightly wounded.
The hobgoblin hits you but does no damage.
You closely miss the hobgoblin.
The hobgoblin is lightly wounded.
The hobgoblin hits you but does no damage.
You claw the hobgoblin!
You kill the hobgoblin!
Makhleb accepts your kill.
No target in view!
No target in view!
No target in view!
No target in view!
No target in view!
No target in view!
No target in view!
There is an escape hatch in the floor here.
n - 5 scrolls labelled HENEAL TOLIOS (gained 1)
There is an escape hatch in the floor here.
A dart slug and a frilled lizard come into view.
The frilled lizard hisses angrily.
There are monsters nearby!
There are monsters nearby!
The frilled lizard bites you.
You barely miss the frilled lizard.
An orc comes into view. It is wielding a +0 whip.
The frilled lizard barely misses you.
You closely miss the frilled lizard.
The orc shouts!
You block the frilled lizard's attack.
You closely miss the frilled lizard. You barely miss the frilled lizard.
The frilled lizard bites you but does no damage.
You scratch the orc but do no damage. The orc barely misses you.
The frilled lizard bites you but does no damage.
You scratch the dart slug but do no damage.
The orc hits you but does no damage.
The frilled lizard bites you but does no damage.
A giant cockroach comes into view.
You scratch the dart slug.
The dart slug is severely wounded.
The frilled lizard bites you but does no damage.
The orc hits you but does no damage. The dart slug barely misses you.
You scratch the dart slug but do no damage.
The dart slug is severely wounded.
The orc hits you with a +0 whip.
The frilled lizard bites you but does no damage.
You block the dart slug's attack.
You scratch the dart slug.
You kill the dart slug!
Makhleb accepts your kill. The orc hits you with a +0 whip.
You block the frilled lizard's attack.
You barely miss the orc. The orc hits you with a +0 whip.
The frilled lizard bites you but does no damage.
You scratch the orc but do no damage. The orc hits you with a +0 whip.
The frilled lizard closely misses you.
You claw the orc!
You kill the orc!
Makhleb accepts your kill.
You feel better. You block the frilled lizard's attack.
You scratch the frilled lizard.
The frilled lizard is heavily wounded.
The giant cockroach bites you but does no damage.
You block the frilled lizard's attack.
You closely miss the frilled lizard.
The frilled lizard is heavily wounded.
The giant cockroach bites you but does no damage.
The frilled lizard bites you but does no damage.
You barely miss the frilled lizard.
The frilled lizard is heavily wounded.
The giant cockroach bites you but does no damage.
You block the frilled lizard's attack.
You miss the frilled lizard.
The frilled lizard is heavily wounded.
The giant cockroach bites you but does no damage.
The frilled lizard barely misses you. The giant cockroach closely misses you.
You closely miss the frilled lizard.
The frilled lizard is heavily wounded.
The giant cockroach closely misses you.
The frilled lizard bites you but does no damage.
You closely miss the frilled lizard.
The frilled lizard is heavily wounded.
The giant cockroach bites you but does no damage.
The frilled lizard closely misses you.
You barely miss the frilled lizard.
The frilled lizard is heavily wounded.
The giant cockroach closely misses you.
The frilled lizard completely misses you.
You closely miss the frilled lizard.
The frilled lizard is heavily wounded.
The giant cockroach barely misses you.
The frilled lizard bites you but does no damage.
You closely miss the frilled lizard.
The frilled lizard is heavily wounded.
The giant cockroach bites you but does no damage.
You closely miss the frilled lizard.
The frilled lizard is heavily wounded.
The giant cockroach waves its antennae.
The giant cockroach barely misses you. The frilled lizard closely misses you.
You scratch the frilled lizard.
You kill the frilled lizard!
Makhleb accepts your kill.
You feel better. The giant cockroach barely misses you.
You scratch the giant cockroach.
You kill the giant cockroach!
Makhleb accepts your kill.
You feel better.
No target in view!
No target in view!
No target in view!
No target in view!
No target in view!
No target in view!
Things that are here:
a +0 whip; an orc corpse
There is an open door here.
There is an open door here.
Found an escape hatch in the ceiling.
You see here a frilled lizard corpse.
A bat comes into view.
A bat is nearby!
The bat hits you but does no damage.
You scratch the bat.
The bat is severely wounded.
You block the bat's attack. The bat hits you but does no damage.
You closely miss the bat.
The bat is severely wounded.
The bat barely misses you. The bat hits you but does no damage.
You barely miss the bat.
The bat is severely wounded.
The bat barely misses you.
You barely miss the bat.
The bat is severely wounded.
The bat hits you but does no damage. You block the bat's attack.
You scratch the bat.
You kill the bat!
Makhleb accepts your kill.
No target in view!
Found a stone staircase leading down.
There is a stone staircase leading down here.
An endoplasm comes into view.
Found 3 gold pieces.
An endoplasm is nearby!
The endoplasm freezes you.
You are frozen.
You resist.
You claw the endoplasm!
You kill the endoplasm!
Makhleb accepts your kill.
No target in view!
No target in view!
No target in view!
No target in view!
No target in view!
No target in view!
No target in view!
No target in view!
No target in view!
You now have 97 gold pieces (gained 3).
Found a stone staircase leading down.
Found a stone staircase leading up.
q - a wand of mindburst (20)
There is a stone staircase leading up here.
There is a stone staircase leading up here.
You open the door.
Found a glowing silver altar of Zin.
There is an open door here.
Found a bloodstained altar of Trog and an ancient bone altar of Kikubaaqudgha.
Found a hide-covered altar of Uskayaw and two shimmering altars of Xom.
The altar is a mimic!
The altar mimic chuckles and vanishes in a puff of smoke!
You see here the +3 sling of Modern Duty {venom, rF++}.
The altar is a mimic!
The altar mimic guffaws and vanishes in a puff of smoke!
You see here the +3 sling of Modern Duty {venom, rF++}.
There is an open door here.
There is a stone staircase leading down here.
Found 3 boomerangs.
You see here 3 boomerangs.
You see here 3 boomerangs.
There is a stone staircase leading down here.
Found a sparkling altar of Nemelex Xobeh.
Found a bloodstained altar of Trog.
No target in view!
An orc comes into view. It is wielding a +0 hand axe.
An orc is nearby!
An orc is nearby!
An orc is nearby!
The orc shouts!
An orc comes into view. It is wielding a +0 falchion.
The orc shouts!
You hear a shout! x2
You scratch the orc.
The orc is heavily wounded.
The orc hits you but does no damage.
You barely miss the orc.
The orc is heavily wounded.
The orc hits you but does no damage. You block the orc's attack.
You closely miss the orc.
The orc is heavily wounded.
The orc closely misses you.
You closely miss the orc.
The orc is heavily wounded.
An orc wizard comes into view. It is wielding a +0 dagger.
The orc hits you with a +0 falchion. The orc hits you with a +0 hand axe.
You barely miss the orc.
The orc is heavily wounded.
The orc wizard points at you and mumbles some strange words.
The puff of flame hits you. The orc closely misses you.
The orc hits you but does no damage.
You scratch the orc but do no damage.
The orc is heavily wounded.
You scratch the orc but do no damage.
The orc is heavily wounded.
An orc wizard comes into view. It is wielding a +0 dagger.
The orc wizard gestures at you while chanting.
The magic dart hits you but does no damage.
The orc barely misses you. The orc hits you but does no damage.
You scratch the orc but do no damage.
The orc is heavily wounded.
The orc wizard gestures at you while chanting.
You resist with some effort. The orc barely misses you. x2
You scratch the orc.
You kill the orc!
Makhleb accepts your kill. You block the orc's attack.
You scratch the orc.
The orc is heavily wounded.
The orc hits you but does no damage.
You scratch the orc.
You kill the orc!
Makhleb accepts your kill.
You feel better.
The orc wizard casts a spell.
The orc wizard flickers and vanishes!
Deactivating autopickup; reactivate with Ctrl-A.
Something hits you but does no damage.
The orc wizard hits you but does no damage.
You scratch the orc wizard.
The orc wizard is heavily wounded.
Something hits you but does no damage.
The orc wizard hits you but does no damage.
You closely miss the orc wizard.
The orc wizard is heavily wounded.
Something hits you. The orc wizard barely misses you.
You claw the orc wizard!
The orc wizard is almost dead.
Something hits you but does no damage. The orc wizard barely misses you.
You completely miss the orc wizard.
The orc wizard is almost dead.
Something hits you but does no damage.
The orc wizard gestures wildly while chanting.
The orc wizard flickers and vanishes!
No target in view!
No target in view!
No target in view!
No target in view!
No target in view!
No target in view!
You closely miss something. Something hits you.
Something hits you but does no damage.
You claw something!
You hear some strange, mumbled words.
A puff of flame appears from out of thin air!
The puff of flame hits you. Something hits you.
* * * LOW HITPOINT WARNING * * *
You miss something.
You hear some strange, mumbled words.
A magic dart appears from out of thin air!
The magic dart hits you.
* * * LOW HITPOINT WARNING * * *
Something hits you but does no damage.
You claw something! Makhleb accepts your kill.
You feel better.
Reactivating autopickup.
You feel a bit more experienced.
You hear some strange, mumbled words.
A puff of flame appears from out of thin air!
Deactivating autopickup; reactivate with Ctrl-A.
The puff of flame hits you!
* * * LOW HITPOINT WARNING * * *
You have reached level 5!
You feel stronger.
You closely miss something.
You hear some strange, mumbled words.
Something tries to affect you, but you resist.
You scratch something. Makhleb accepts your kill.
Reactivating autopickup.
You feel a bit more experienced.
Things that are here:
a +0 dagger; a +0 robe; an orc corpse Key pressed, stopping explore.
Key pressed, stopping explore.
d - 4 scrolls labelled WOBROE SUCW (gained 1)
You now have 105 gold pieces (gained 8).
Things that are here:
a +0 dagger; a +0 robe; an orc skeleton
Things that are here:
a +0 dagger; a +0 robe; an orc skeleton
Things that are here:
a +0 hand axe; a +0 chain mail; an orc skeleton Key pressed, stopping explore.
There is an open door here.
There is an open door here.
A hobgoblin comes into view.
There is an escape hatch in the ceiling here.
The hobgoblin barely misses you.
You claw the hobgoblin!
You kill the hobgoblin!
Makhleb accepts your kill.
No target in view!
No target in view!
No target in view!
No target in view!
No target in view!
No target in view!
No target in view!
You see here a staff of conjuration.
You see here a hobgoblin corpse.
There is an escape hatch in the ceiling here.
You see here an orb of wrath.
Partly explored, unvisited transporter.
Partly explored, unvisited transporter.
Partly explored, unvisited transporter.
Partly explored, unvisited transporter.
(D) Dungeon
Where to? (Enter - D:3, ? - help)
You see here an orb of wrath.
There is a stone staircase leading down here.
You climb downwards.
Found three items.
There is a stone staircase leading up here.
A hound comes into view.
The hound barks!
You hear a shout!
You see here a scroll labelled WOBROE SUCW.
A hound is nearby!
A hound is nearby!
A hound is nearby!
An orc comes into view. It is wielding a +0 flail.
The orc shouts!
A kobold comes into view.
It is wielding a +0 dagger of freezing and quivering poisoned darts.
The kobold shouts!
The hound attacks as you move away! The hound bites you.
The hound barely misses you.
The kobold throws a poisoned dart.
The poisoned dart hits you! The hound attacks as you move away!
The hound bites you but does no damage.
The kobold throws a poisoned dart.
The poisoned dart hits you!
There is a stone staircase leading up here.
The hound bites you. The hound closely misses you.
You climb upwards.
Level annotation: 2 transporters, bchevrier's ghost, novice GnWn
There is a stone staircase leading down here.
You claw the hound!
The hound is moderately wounded.
The hound bites you.
You closely miss the hound.
The hound is moderately wounded.
The hound closely misses you.
You claw the hound!
You kill the hound!
Makhleb accepts your kill.
Your Unarmed Combat skill increases to level 6!
No target in view!
No target in view!
No target in view!
No target in view!
No target in view!
No target in view!
No target in view!
No target in view!
No target in view!
No target in view!
No target in view!
No target in view!
No target in view!
No target in view!
HP restored.
Partly explored, unvisited transporter.
You climb downwards.
The kobold closely misses you.
There is a stone staircase leading up here.
The orc attacks as you move away! The orc hits you with a +0 flail.
The kobold throws a poisoned dart.
You block the poisoned dart. The orc hits you with a +0 flail.
You claw the orc!
You kill the orc!
Makhleb accepts your kill. You block the giant cockroach's attack.
The giant cockroach closely misses you.
Things that are here:
a +0 flail; an orc corpse You claw the giant cockroach!
You kill the giant cockroach!
Makhleb accepts your kill.
You scratch the kobold.
You kill the kobold!
Makhleb accepts your kill.
No target in view!
No target in view!
No target in view!
No target in view!
No target in view!
No target in view!
No target in view!
No target in view!
No target in view!
No target in view!
No target in view!
No target in view!
No target in view!
No target in view!
No target in view!
No target in view!
Things that are here:
a +0 dagger of freezing; 4 poisoned darts; a kobold corpse HP restored.
r - a puce potion
j - 3 scrolls labelled ENIUCA COLIHIA (gained 1)
d - 5 scrolls labelled WOBROE SUCW (gained 1)
An adder comes into view.
The adder hisses angrily.
An orc comes into view. It is wielding a +0 short sword.
You see here a bubbling sapphire potion.
There are monsters nearby!
There are monsters nearby!
The orc shouts!
You hear a shout! x2
You scratch the adder but do no damage. The adder barely misses you.
You closely miss the adder. You block the adder's attack.
You barely miss the adder. The adder barely misses you.
You claw the adder!
The adder is severely wounded.
The adder closely misses you.
You closely miss the adder.
The adder is severely wounded.
The adder barely misses you. x2
You scratch the adder.
The adder is severely wounded.
The adder bites you but does no damage.
You claw the adder!
You kill the adder!
Makhleb accepts your kill.
You scratch the orc.
The orc is lightly wounded.
The orc hits you but does no damage.
You barely miss the orc.
The orc is lightly wounded.
The orc hits you with a +0 short sword.
You closely miss the orc.
The orc is lightly wounded.
The orc hits you but does no damage.
You scratch the orc.
The orc is heavily wounded.
The orc hits you with a +0 short sword.
You barely miss the orc.
The orc is heavily wounded.
You barely miss the orc.
The orc is heavily wounded.
The orc closely misses you.
You scratch the orc.
You kill the orc!
Makhleb accepts your kill.
No target in view!
No target in view!
No target in view!
No target in view!
No target in view!
No target in view!
You see here a +0 short sword.
s - a bubbling sapphire potion An orc comes into view.
It is wielding a +0 hand axe.
The orc throws a stone.
The stone closely misses you.
An orc is nearby!
An orc wizard and 2 orcs come into view.
The orc shouts!
The orc wizard shouts!
The orc shouts!
The orc wizard gestures at you while chanting.
You are confused.
The orc attacks as you move away! The orc hits you with a +0 mace.
The orc hits you with a +0 hand axe.
You bump into the rock wall.
The orc hits you with a +0 hand axe. The orc hits you with a +0 mace.
You bump into the rock wall.
The orc hits you but does no damage. The orc barely misses you.
The orc wizard hits you but does no damage.
You barely miss the orc. The orc closely misses you.
The orc hits you but does no damage.
The orc wizard hits you but does no damage.
The orc attacks as you move away! The orc closely misses you.
You feel less confused.
You see here a +0 short sword.
You scratch the orc.
The orc is heavily wounded.
The orc hits you with a +0 mace.
You barely miss the orc.
The orc is heavily wounded.
The orc completely misses you.
You claw the orc!
You kill the orc!
Makhleb accepts your kill.
You closely miss the orc wizard. The orc wizard casts a spell at you.
You are confused.
You are too confused!
You are too confused!
You are too confused!
You are too confused!
You are too confused!
You are too confused!
You are too confused!
You are too confused!
You are too confused!
You are too confused!
You are too confused!
You are too confused!
You are too confused!
You are too confused!
You are too confused!
You are too confused!
You are too confused!
You are too confused!
You are too confused!
You are too confused!
You bump into the rock wall.
The orc wizard hits you but does no damage.
You barely miss the orc wizard.
The orc wizard hits you but does no damage.
The orc wizard attacks as you move away!
The orc wizard completely misses you.
The orc wizard attacks as you move away!
The orc wizard hits you but does no damage.
The orc throws a stone.
The stone closely misses you.
You scratch the orc.
The orc is heavily wounded.
You feel less confused.
The orc wizard gestures at you while chanting.
You resist with some effort. The orc hits you with a +0 dagger.
You claw the orc!
You kill the orc!
Makhleb accepts your kill.
You barely miss the orc wizard. You claw the orc wizard!
The orc wizard is heavily wounded.
You scratch the orc wizard.
The orc wizard is almost dead.
The orc wizard closely misses you.
You completely miss the orc wizard.
The orc wizard is almost dead.
You claw the orc!
You kill the orc!
Makhleb accepts your kill.
The orc wizard hits you with a +0 dagger.
You scratch the orc wizard but do no damage.
The orc wizard is almost dead.
The orc wizard barely misses you.
You claw the orc wizard!
You kill the orc wizard!
Makhleb accepts your kill.
You feel better.
You have reached level 6!
Key pressed, stopping explore.
Things that are here:
a +0 mace; a +0 short sword; an orc corpse
Found a stone staircase leading down.
There is a stone staircase leading down here.
You pick up a book of Flames and begin reading...
You add the spells Foxfire, Conjure Flame, Inner Flame and Flame Wave to your library.
There is an open door here.
An adder comes into view.
The adder hisses angrily.
An adder is nearby!
Found a stone staircase leading up.
You barely miss the adder. The adder barely misses you. The adder bites you.
You barely miss the adder. The adder bites you but does no damage.
You closely miss the adder. You block the adder's attack.
You miss the adder. You block the adder's attack.
You closely miss the adder. The adder bites you.
You miss the adder. The adder bites you but does no damage.
You closely miss the adder. The adder bites you.
You barely miss the adder. The adder bites you.
You scratch the adder.
The adder is heavily wounded.
The adder bites you but does no damage. You block the adder's attack.
You closely miss the adder.
The adder is heavily wounded.
The adder misses you.
You scratch the adder.
The adder is almost dead.
The adder bites you but does no damage.
You barely miss the adder.
The adder is almost dead.
The adder bites you.
An adder is nearby!
An adder is nearby!
You scratch the adder.
You kill the adder!
Makhleb accepts your kill.
No target in view!
No target in view!
No target in view!
No target in view!
No target in view!
No target in view!
No target in view!
A goblin comes into view. It is wielding a +0 club.
A goblin is nearby!
A goblin is nearby!
The goblin shouts!
The goblin barely misses you.
You barely miss the goblin. You miss the goblin.
The goblin hits you but does no damage.
You claw the goblin!
You kill the goblin!
Makhleb accepts your kill.
You feel better.
No target in view!
No target in view!
No target in view!
No target in view!
No target in view!
No target in view!
r - 2 puce potions (gained 1)
You now have 107 gold pieces (gained 2).
Things that are here:
a +0 club; 4 stones; a goblin corpse A giant cockroach comes into view.
A giant cockroach is nearby!
A giant cockroach is nearby!
The giant cockroach barely misses you.
You scratch the giant cockroach but do no damage.
You block the giant cockroach's attack.
You completely miss the giant cockroach.
The giant cockroach barely misses you.
You completely miss the giant cockroach.
The giant cockroach bites you but does no damage.
You claw the giant cockroach!
You kill the giant cockroach!
Makhleb accepts your kill.
No target in view!
No target in view!
No target in view!
No target in view!
No target in view!
No target in view!
Found a broken altar of Ashenzari.
You now have 122 gold pieces (gained 15).
Natasha hisses angrily.
A necrophage comes into view.
A necrophage is nearby!
No target in view!
No target in view!
Found a stone staircase leading down.
The necrophage hits you.
You claw the necrophage!
The necrophage is heavily damaged.
You block the necrophage's attack.
You claw the necrophage!
You destroy the necrophage!
Makhleb accepts your kill.
Your Shields skill increases to level 3!
No target in view!
No target in view!
No target in view!
No target in view!
No target in view!
No target in view!
Found a stone staircase leading up.
There is a stone staircase leading up here.
You open the door.
Found a shimmering blue altar of Sif Muna.
There is an open door here.
You enter the shallow water.
Moving in this stuff is going to be slow.
There is an open door here.
Natasha is nearby!
Natasha hisses angrily.
Natasha casts a spell at you.
You feel yourself slow down. Natasha casts a spell at you.
You feel as though you will be slow longer.
Natasha is nearby!
Natasha is nearby!
Found 16 gold pieces.
Natasha claws you.
You closely miss Natasha.
Natasha drinks a potion.
Natasha's spells are empowered!
Natasha casts a spell at you.
You feel as though you will be slow longer.
You barely miss Natasha. Natasha casts a spell at you. The magic dart hits you!
You scratch Natasha.
Natasha is moderately wounded.
Natasha barely misses you.
Natasha mumbles some strange words.
You closely miss Natasha.
Natasha is moderately wounded.
Natasha casts a spell at you.
You feel as though you will be slow longer.
The crimson imp blinks!
You scratch Natasha but do no damage.
Natasha is moderately wounded.
Natasha barely misses you.
The crimson imp blinks!
You closely miss Natasha.
Natasha is moderately wounded.
Natasha closely misses you.
Natasha wildly gestures.
You feel disoriented. Natasha closely misses you.
The crimson imp closely misses you.
You scratch Natasha.
Natasha is severely wounded.
Natasha stares at you and mumbles some strange words.
You feel as though you will be slow longer.
The crimson imp hits you but does no damage.
You claw Natasha!
You kill Natasha!
Makhleb accepts your kill.
Natasha screams in pain as she dies!
The crimson imp disappears in a puff of smoke!
Your Unarmed Combat skill increases to level 7!
No target in view!
No target in view!
No target in view!
No target in view!
No target in view!
No target in view!
No target in view!
You now have 138 gold pieces (gained 16).
Found 2 boomerangs.
You now have 155 gold pieces (gained 17).
An adder comes into view.
An adder is nearby!
The adder hisses angrily.
You claw the adder!
You kill the adder!
Makhleb accepts your kill.
No target in view!
No target in view!
No target in view!
No target in view!
No target in view!
No target in view!
No target in view!
No target in view!
No target in view!
No target in view!
No target in view!
A howler monkey comes into view.
A howler monkey is nearby!
A howler monkey is nearby!
The howler monkey hits you but does no damage.
You scratch the howler monkey.
The howler monkey is lightly wounded.
You block the howler monkey's attack. The howler monkey barely misses you.
Natasha, Servant of Life and Death comes into view.
Natasha hisses angrily.
You scratch the howler monkey.
The howler monkey is moderately wounded.
The howler monkey closely misses you. x2
You closely miss the howler monkey.
The howler monkey is moderately wounded.
Natasha mumbles some strange words.
The howler monkey misses you.
Natasha stares at you and mumbles some strange words.
You resist with some effort.
You claw the howler monkey!
The howler monkey is almost dead.
The howler monkey hits you. You block the howler monkey's attack.
You closely miss the howler monkey.
The howler monkey is almost dead.
The howler monkey barely misses you.
You barely miss the howler monkey.
The howler monkey is almost dead.
The howler monkey hits you but does no damage.
The shadow imp hits you. Natasha claws you.
The howler monkey hoots and howls with incredible vigour!
The shadow imp barely misses you. Natasha claws you.
You hear a shout! x4
You closely miss the howler monkey.
The howler monkey is almost dead.
You block the howler monkey's attack.
The shadow imp hits you but does no damage.
You block Natasha's attack. The howler monkey closely misses you.
You closely miss the howler monkey.
The howler monkey is almost dead.
The shadow imp closely misses you.
The howler monkey hoots and howls with incredible vigour!
Natasha claws you.
You hear a shout!
You claw the howler monkey!
You kill the howler monkey!
Makhleb accepts your kill.
You can now gain health from killing.
The shadow imp hits you but does no damage.
Natasha claws you but does no damage.
A kobold comes into view. It is wielding a +0 dagger.
The shadow imp hits you.
Natasha casts a spell.
You claw Natasha!
You kill Natasha!
Makhleb accepts your kill.
Natasha screams in fury as she dies!
The shadow imp disappears in a puff of smoke!
The crimson imp disappears in a puff of smoke!
You see here the felid corpse of Natasha.
Found 6 stones.
You closely miss the kobold. The kobold hits you with a +0 dagger.
You closely miss the kobold. The kobold hits you but does no damage.
A gnoll bouda comes into view. It is wielding a +0 whip.
The kobold hits you but does no damage.
The gnoll bouda moves out of view.
You scratch the kobold but do no damage.
The kobold closely misses you.
A gnoll comes into view. It is wielding a +2 spear of venom.
You barely miss the kobold.
You feel yourself speed up. You block the kobold's attack.
You claw the kobold!
You kill the kobold!
Makhleb accepts your kill.
A gnoll comes into view. It is wielding a +0 club.
You see here the felid corpse of Natasha.
The gnoll shouts!
You hear a shout!
A gnoll comes into view. It is wielding a +0 whip.
You block the gnoll bouda's attack.
You scratch the gnoll bouda.
The gnoll bouda is moderately wounded.
A gnoll comes into view. It is wielding a +0 halberd.
The gnoll closely misses you. The gnoll bouda barely misses you.
You closely miss the gnoll bouda.
The gnoll bouda is moderately wounded.
The gnoll closely misses you.
A gnoll comes into view. It is wielding a +0 spear.
You barely miss the gnoll bouda.
The gnoll bouda is moderately wounded.
The gnoll hits you but does no damage.
The gnoll bouda gazes fiercely through you!
You feel your attacks grow feeble. The gnoll bouda barely misses you.
You scratch the gnoll bouda.
The gnoll bouda is severely wounded.
The gnoll closely misses you.
The gnoll bouda hits you but does no damage.
You scratch the gnoll bouda but do no damage.
The gnoll bouda is severely wounded.
The gnoll hits you from afar with a +2 spear of venom.
The gnoll barely misses you.
The gnoll bouda hits you with a +0 whip!
You are too injured to fight recklessly!
You are too injured to fight recklessly!
You closely miss the gnoll bouda.
The gnoll bouda is severely wounded.
You scratch the gnoll bouda.
The gnoll bouda is severely wounded.
The gnoll closely misses you.
The gnoll bouda barks out a call to the hunt!
The gnolls pick up the pace!
The gnoll hits you but does no damage. The gnoll attacks as you move away!
The gnoll hits you with a +0 club.
Your attacks no longer feel as feeble.
The gnoll misses you. The gnoll attacks as you move away!
The gnoll hits you but does no damage.
The gnoll bouda attacks as you move away!
The gnoll bouda barely misses you. The gnoll hits you but does no damage.
The gnoll attacks as you move away! The gnoll barely misses you.
The gnoll bouda mumbles some strange prayers to its god.
The gnoll bouda is healed somewhat.
The gnoll hits you with a +0 club.
* * * LOW HITPOINT WARNING * * *
The gnoll hits you from afar with a +0 spear.
* * * LOW HITPOINT WARNING * * *
The gnoll attacks as you move away! The gnoll hits you with a +0 club.
* * * LOW HITPOINT WARNING * * *
The gnoll bouda gazes fiercely through you!
You feel your attacks grow feeble. The gnoll attacks as you move away!
You block the gnoll's attack. The gnoll hits you but does no damage.
You block the gnoll's attack. The gnoll attacks as you move away!
The gnoll barely misses you. The gnoll hits you with a +0 whip.
* * * LOW HITPOINT WARNING * * *
The gnoll attacks as you move away! The gnoll hits you but does no damage.
Aiming: Mindburst
Press: ? - help, Shift-Dir - straight line, f - gnoll
Aim: a gnoll, wielding a +0 whip (covering ground quickly, chance to affect: 72%)
The gnoll's mind is blasted!!
You blow up the gnoll!
Makhleb accepts your kill.
The gnoll hits you from afar with a +0 spear.
* * * LOW HITPOINT WARNING * * *
Your attacks no longer feel as feeble.
The gnoll bouda barks out a call to the hunt!
You block the gnoll's attack.
Found a stone staircase leading down.
The gnoll is no longer moving quickly.
The gnoll is no longer moving quickly.
The gnoll bouda gazes fiercely through you!
You feel your attacks grow feeble.
The gnoll bouda gazes fiercely through you!
You feel as though you will be weak longer.
The gnoll bouda barks out a call to the hunt!
The gnolls pick up the pace!
The gnoll hits you with a +0 club.
* * * LOW HITPOINT WARNING * * *
The gnoll hits you from afar with a +0 spear.
* * * LOW HITPOINT WARNING * * *
Your attacks no longer feel as feeble.
The gnoll attacks as you move away! The gnoll barely misses you.
The gnoll is no longer moving quickly.
The gnoll misses you. The gnoll attacks as you move away!
The gnoll hits you with a +0 club.
* * * LOW HITPOINT WARNING * * *
The gnoll closely misses you.
Aiming: Mindburst
Press: ? - help, Shift-Dir - straight line, f - gnoll
Aim: a gnoll, wielding a +0 club (chance to affect: 72%)
The gnoll's mind is blasted!!
You blow up the gnoll!
Makhleb accepts your kill.
The gnoll hits you from afar with a +0 spear.
* * * LOW HITPOINT WARNING * * *
Aiming: Mindburst
Press: ? - help, Shift-Dir - straight line, f - gnoll
Aim: a gnoll, wielding a +0 spear (covering ground quickly, chance to affect: 72%)
The gnoll's mind is blasted!
The gnoll hits you from afar with a +0 spear.
You die...

........#........#.....#.........
g#......#.##.....#.....#.....#.##
.#......#.##.....##...##.....#.#
†g......# #...#........#
.#......# ##.##......#.##
.#......####### #.#....####.#.
.........g.#..### ##'##.###..#.#.
.##...####......###...###....#...
.##...# ##..gg)@.#._.#.......##'
.##...# ##....###...###........ .
##### #..### ##.###..#... ####
####... #... #... #... #... #...


You could see a gnoll bouda and 2 gnolls.

Vanquished Creatures
  A necrophage (D:4)
  A howler monkey (D:4)
  A hound (D:3)
  3 orc wizards
  Natasha (twice) (D:4)
  2 gnolls (D:4)
  5 adders
  A worm (D:2)
  4 dart slugs
  9 orcs
  8 ball pythons
  3 bats
  4 endoplasms
  7 giant cockroaches
  3 goblins
  10 hobgoblins
  2 jackals (D:3)
  2 quokkas (D:1)
  8 frilled lizards
  6 kobolds
  5 rats
87 creatures vanquished.

Vanquished Creatures (others)
  7 plants (D:2)
7 creatures vanquished.

Grand Total: 94 creatures vanquished

Notes
Turn   | Place    | Note
-------+----------+-------------------------------------------
     0 | D:1      | sleeves the Ghoul Fighter began the quest for the Orb.
     0 | D:1      | Reached XP level 1. HP: 19/19 MP: 0/0
    62 | D:1      | Reached XP level 2. HP: 26/26 MP: 1/1
    72 | D:1      | Reached skill level 3 in Unarmed Combat
   455 | D:1      | Reached XP level 3. HP: 31/31 MP: 2/2
   570 | D:2      | Reached skill level 4 in Unarmed Combat
   591 | D:2      | Found a faded altar of an unknown god.
   906 | D:2      | Found a blossoming altar of Fedhas.
   984 | D:2      | Reached XP level 4. HP: 38/38 MP: 3/3
  1430 | D:3      | Reached skill level 5 in Unarmed Combat
  1454 | D:3      | Found an iron altar of Okawaru.
  1455 | D:3      | Found a burning altar of Makhleb.
  1463 | D:3      | Became a worshipper of Makhleb the Destroyer
  1513 | D:3      | Found a transporter.
  1522 | D:3      | Noticed bchevrier's ghost (novice GnWn)
  1523 | D:3      | Found a transporter.
  1523 | D:3      | Identified the +7 great mace "Fozi Nou" {vorpal, rF+ rN+
                  | Str+3}
  1523 | D:3      | Noticed an ogre
  1722 | D:3      | Found a bloodstained altar of Trog.
  1722 | D:3      | Found an ancient bone altar of Kikubaaqudgha.
  1724 | D:3      | Found a hide-covered altar of Uskayaw.
  1724 | D:3      | Found a shimmering altar of Xom.
  1724 | D:3      | Found a shimmering altar of Xom.
  1729 | D:3      | Identified the +3 sling of Modern Duty {venom, rF++}
  1837 | D:3      | Found a sparkling altar of Nemelex Xobeh.
  1842 | D:3      | Found a bloodstained altar of Trog.
  1887 | D:3      | HP: 17/38 [something (4)]
  1889 | D:3      | HP: 7/38 [something/puff of flame (9)]
  1890 | D:3      | Reached XP level 5. HP: 8/45 MP: 4/4
  2330 | D:3      | Reached skill level 6 in Unarmed Combat
  2570 | D:4      | Reached XP level 6. HP: 33/51 MP: 5/5
  2792 | D:4      | Found a broken altar of Ashenzari.
  2796 | D:4      | Noticed Natasha
  2816 | D:4      | Reached skill level 3 in Shields
  2880 | D:4      | Found a shimmering blue altar of Sif Muna.
  2914 | D:4      | Killed Natasha
  2915 | D:4      | Reached skill level 7 in Unarmed Combat
  2999 | D:4      | Noticed Natasha
  3007 | D:4      | Reached * piety under Makhleb
  3008 | D:4      | Killed Natasha
  3028 | D:4      | HP: 25/51 [gnoll/+0 club[a gnoll bouda] (1)]
  3034 | D:4      | HP: 15/51 [gnoll/+0 spear[a gnoll bouda] (1)]
  3051 | D:4      | HP: 11/51 [gnoll/+0 club[a gnoll bouda] (4)]
  3051 | D:4      | HP: 5/51 [gnoll/+0 spear[a gnoll bouda] (6)]
  3058 | D:4      | HP: 3/51 [gnoll/+0 club[a gnoll bouda] (2)]
  3061 | D:4      | Slain by a gnoll

Illustrated notes

Levels and vault maps discovered:
D:1:      psy_arrival_whirlpool, layout_rooms
D:2:      layout_rooms, basic_altar, shapermc_ecumenical_altar_venn,
          serial_bayou_lake_a
D:3:      layout_rooms, doesnt_xom_only_xom, minitemple,
          nicolae_overflow_squiral, gammafunk_ghost_smash,
          kennysheep_generic_room_8
D:4:      layout_basic, led_sif_pool, nicolae_ashenzari_panopticon, uniq_natasha

Skill      XL: |  1  2  3  4  5  6 |
---------------+-------------------+-----
Unarmed Combat | 3 4 5 6 7 |  7.3
Shields        | 3 |  3.5
Fighting       | |  3.2
Armour         | |  2.6

Action                   |  1- 3 |  4- 6 || total
-------------------------+-------+-------++-------
Melee: Unarmed           |   129 |   191 ||   320
Evoke: Wand              |       |     3 ||     3
Armor: Scale mail        |    49 |    88 ||   137
Dodge: Dodged            |    54 |    89 ||   143
Block: Buckler           |    24 |    33 ||    57
